 Dungeon Crawl Stone Soup version 0.26-a0-812-g31a745ddcd (webtiles) character file.

Game seed: 16631908284997644152

6050 kae the Transmogrifier (level 10, -5/68 HPs)
             Began as a Tengu Transmuter on Nov 19, 2020.
             Was a Believer of Hepliaklqana.
             Slain by a cyan ugly thing (15 damage)
             ... on level 9 of the Dungeon.
             The game lasted 00:11:04 (15906 turns).

kae the Transmogrifier (Tengu Transmuter)          Turns: 15906, Time: 00:11:04

Health: -5/68      AC:  6    Str: 20    XL:     10   Next: 87%
Magic:  8/15       EV: 12    Int: 14    God:    Hepliaklqana [**....]
Gold:   520        SH:  0    Dex: 14    Spells: 2/15 levels left

rFire    x . .     SeeInvis .     - Unarmed
rCold    + + +     Faith    .   (shield currently unavailable)
rNeg     . . .     Spirit   .   (armour currently unavailable)
rPois    +         Reflect  .   (helmet currently unavailable)
rElec    .         Harm     .   (cloak currently unavailable)
rCorr    .         Rampage  .   (gloves currently unavailable)
MR       .....                  (boots unavailable)
Stlth    +.........             (no amulet)
HPRegen  0.21/turn              r - +6 ring of strength
MPRegen  0.14/turn              y - ring of poison resistance

@: ice-form, flying quickly and evasively, very slightly contaminated, quick
A: large, reduced essence, able to fly
a: Stop Flying, End Transformation, Recall Ancestor, Ancestor Identity, Renounce
Religion


You were on level 9 of the Dungeon.
You worshipped Hepliaklqana.
Hepliaklqana was pleased with you.
You were a creature of crystalline ice.
You visited 2 branches of the dungeon, and saw 10 of its levels.

You collected 520 gold pieces.

Inventory:

Armour
 a - a +0 robe (melded)
 l - a +2 cloak of magic resistance (melded)
 u - a +1 pair of gloves (melded)
Jewellery
 r - a +6 ring of strength (left front paw)
 s - an uncursed ring of positive energy
 t - an uncursed ring of see invisible
 v - an uncursed ring of positive energy
 y - a ring of poison resistance (right front paw)
 z - a +6 ring of intelligence {unknown}
Wands
 g - a wand of digging (6)
 o - a wand of acid (10)
 q - a wand of polymorph (8)
 B - a wand of disintegration (10)
 C - a wand of iceblast (4)
Scrolls
 d - 6 scrolls of remove curse
 e - a scroll of magic mapping
 k - 3 scrolls of teleportation
 x - a scroll of amnesia
 A - 3 scrolls of enchant weapon
Potions
 b - a potion of berserk rage {unknown}
 c - a potion of might
 f - 3 potions of brilliance {unknown}
 h - 2 potions of ambrosia
 i - a potion of lignification {unknown}
 j - a potion of degeneration {unknown}
 m - 5 potions of heal wounds
 n - a potion of haste
 p - 4 potions of resistance {unknown}
 w - 5 potions of curing


   Skills:
 + Level 7.9 Fighting
 + Level 2.2 Dodging
 + Level 9.3 Unarmed Combat
 - Level 3.0 Spellcasting
 * Level 9.5 Transmutations
 * Level 0.3 Ice Magic


You had 2 spell levels left.
You knew the following spells:

 Your Spells              Type           Power        Failure   Level
a - Beastly Appendage     Tmut           ####..       1%          1
b - Spider Form           Tmut/Pois      ###.......   9%          3
c - Blade Hands           Tmut           ####......   12%         5
d - Ice Form              Ice/Tmut       ###.....     28%         4

Your spell library contained the following spells:

 Spells                   Type           Power        Failure   Level
 Wereblood                Tmut           ####....     1%          2
 Animate Skeleton         Necr           #.....       22%         1
 Apportation              Tloc           #.....       22%         1
 Corona                   Hex            #......      22%         1
 Summon Small Mammal      Summ           #...         22%         1


Dungeon Overview and Level Annotations

Branches:
Dungeon (9/15)             Temple (1/1) D:6
   Lair: D:8-11         Orc: D:9-12

Altars:
Ashenzari
Cheibriados
Dithmenos
Elyvilon
Fedhas
Gozag
Hepliaklqana
Kikubaaqudgha
Makhleb
Nemelex Xobeh
Okawaru
Qazlal
Ru
Sif Muna
Trog
Uskayaw
Vehumet
Wu Jian
Xom
Yredelemnul
Zin
The Shining One

Annotations:
D:4 2 transporters
D:5 Menkaure
D:9 exclusion: troll


Innate Abilities, Weirdness & Mutations

((You have a beak for a mouth.))
((You have claws for feet.))
You can fly continuously.
Your life essence is reduced to manifest your ancestor. (-10% HP)


Message History

The water moccasin is severely wounded.
The water moccasin closely misses you.
You closely miss the water moccasin.
The water moccasin is severely wounded.
The water moccasin barely misses you.
You hit the water moccasin. You freeze the water moccasin.
You kill the water moccasin!
You hit the cyan ugly thing. You freeze the cyan ugly thing.
The cyan ugly thing is lightly wounded.
The cyan ugly thing engulfs you! The cyan ugly thing shocks you!
You pummel the cyan ugly thing!! You freeze the cyan ugly thing!
The cyan ugly thing is heavily wounded.
The cyan ugly thing engulfs you! The cyan ugly thing shocks you!
* * * LOW HITPOINT WARNING * * *
You barely miss the cyan ugly thing.
The cyan ugly thing is heavily wounded.
The cyan ugly thing engulfs you!
* * * LOW HITPOINT WARNING * * *
The cyan ugly thing shocks you!
You die...

#########..........##.####.....
###....#..........#.....#.....
#.................#.....#.....
#.......................#.....
#..(....................#.....
#...........#.#........##.....
###...........#.#........R.<....
#.............#.##..........R###
#.............#Y##...........RRR
#......###....#u#########.......
#........#..........##..........
#........#####.)................
#...............................
#...............................
#...#................#. .......
#...#................# ......T
#...#................# .......


You could see a cyan ugly thing.

Vanquished Creatures
  2 two-headed ogres (D:8)
  Psyche (D:8)
  Prince Ribbit (D:5)
  3 water moccasins (D:9)
  Duvessa (D:7)
  3 black bears (D:9)
  2 ice beasts
  A sky beast (D:6)
  An orc warrior (D:7)
  A hornet zombie (D:5)
  A phantom (D:6)
  4 centaurs
  2 ogres (D:8)
  3 bullfrogs
  Dowan (D:7)
  5 scorpions
  3 killer bees (D:9)
  10 wights
  A howler monkey (D:7)
  A centaur zombie (D:5)
  A quasit (D:6)
  A gnoll shaman (D:9)
  An orc priest (D:6)
  4 hounds
  5 jellies
  7 orc wizards
  Crazy Yiuf (D:2)
  Jessica (D:2)
  2 iguanas
  Ijyb (D:5)
  6 worker ants
  A worker ant zombie (D:5)
  4 gnolls
  7 adders
  3 shadow imps
  3 white imps
  4 ufetubi
  An adder skeleton (D:7)
  4 worms
  2 dart slugs
  5 leopard geckos
  26 orcs
  A ball python (D:1)
  15 giant cockroaches
  7 goblins
  9 hobgoblins
  14 jackals
  4 quokkas
  3 bats
  3 frilled lizards
  A jackal zombie (D:6)
  9 kobolds
  A quokka zombie (D:7)
  10 rats
214 creatures vanquished.

Vanquished Creatures (collateral kills)
  A black bear (D:9)
  An ogre (D:7)
  A wyvern zombie (D:8)
  An orc priest (D:8)
  An orc wizard (D:8)
  A giant cockroach (D:6)
6 creatures vanquished.

Vanquished Creatures (others)
  A hexer (D:9)
  3 ancestors
  31 fungi (D:9)
  29 plants (D:9)
64 creatures vanquished.

Grand Total: 284 creatures vanquished

Notes
Turn   | Place    | Note
-------+----------+-------------------------------------------
     0 | D:1      | kae the Tengu Transmuter began the quest for the Orb.
     0 | D:1      | Reached XP level 1. HP: 12/12 MP: 4/4
   211 | D:1      | Reached XP level 2. HP: 8/16 MP: 4/6
  1339 | D:2      | Reached XP level 3. HP: 17/20 MP: 5/7
  1451 | D:1      | Learned a level 3 spell: Spider Form
  2301 | D:2      | Reached XP level 4. HP: 18/26 MP: 6/8
  2600 | D:2      | Noticed Jessica
  2610 | D:2      | Killed Jessica
  3073 | D:2      | Found a sacrificial altar of Ru.
  3155 | D:2      | Gained mutation: You can fly continuously. [Tengu growth]
  3155 | D:2      | Reached XP level 5. HP: 13/30 MP: 10/10
  3500 | D:2      | Found a runed translucent door.
  3501 | D:2      | Noticed Crazy Yiuf
  3639 | D:2      | Killed Crazy Yiuf
  3797 | D:3      | Reached XP level 6. HP: 36/36 MP: 4/11
  4065 | D:3      | Found an iron altar of Okawaru.
  4588 | D:4      | Found a transporter.
  5059 | D:4      | Found a transporter.
  5418 | D:4      | Found a glowing golden altar of the Shining One.
  5682 | D:5      | Entered Level 5 of the Dungeon
  5682 | D:5      | Noticed Ijyb
  5981 | D:5      | Reached XP level 7. HP: 26/41 MP: 8/12
  6180 | D:5      | Noticed Menkaure
  6216 | D:5      | Reached skill level 5 in Unarmed Combat
  6362 | D:5      | Found a snail-covered altar of Cheibriados.
  6696 | D:5      | Killed Ijyb
  7093 | D:5      | Reached skill level 5 in Transmutations
  7463 | D:5      | Noticed Prince Ribbit
  7482 | D:5      | Killed Prince Ribbit
  7482 | D:5      | Reached XP level 8. HP: 15/48 MP: 11/13
  9273 | D:6      | Reached skill level 5 in Fighting
  9295 | D:6      | Found a staircase to the Ecumenical Temple.
  9723 | D:6      | Found a stormy altar of Qazlal.
  9939 | D:6      | Reached XP level 9. HP: 40/54 MP: 10/14
 10418 | D:5      | Found a glowing silver altar of Zin.
 10522 | Temple   | Entered the Ecumenical Temple
 10613 | Temple   | Became a worshipper of Hepliaklqana the Forgotten
 11211 | D:7      | Noticed Duvessa
 11214 | D:7      | Noticed Dowan
 11222 | D:7      | Killed Duvessa
 11227 | D:7      | Killed Dowan
 11551 | D:7      | Found a broken altar of Ashenzari.
 12456 | D:8      | Found an ornate altar of the Wu Jian Council.
 12735 | D:8      | Noticed Psyche
 12753 | D:8      | HP: 2/49 [Psyche/+4 dagger of chaos (8)]
 12755 | D:8      | Killed Psyche
 13119 | D:8      | Reached * piety under Hepliaklqana
 13205 | D:8      | Noticed a two-headed ogre
 13445 | D:8      | Noticed a two-headed ogre
 13453 | D:8      | Killed a two-headed ogre
 13453 | D:8      | Reached XP level 10. HP: 29/56 MP: 15/15
 13715 | D:8      | Killed a two-headed ogre
 14643 | D:9      | Found a blossoming altar of Fedhas.
 14643 | D:9      | Found a white marble altar of Elyvilon.
 15773 | D:9      | Reached ** piety under Hepliaklqana
 15784 | D:9      | Remembered your ancestor Eanasir as a hexer
 15791 | D:9      | Learned a level 5 spell: Blade Hands
 15796 | D:9      | Learned a level 4 spell: Ice Form
 15861 | D:9      | Noticed a cyan ugly thing
 15906 | D:9      | Slain by a cyan ugly thing

Illustrated notes

Levels and vault maps discovered:
D:1:      dpeg_arrival_chambers_temple_mockup, layout_loops_ring,
          bh_walls_and_bars
D:2:      layout_rooms, nicolae_ru_sacrificial_ziggurat, uniq_jessica,
          uniq_crazy_yiuf_cottage
D:3:      minmay_skewed_foursquare, layout_loops_cross, lemuel_crystal_altar
D:4:      gammafunk_wand_slinger, layout_basic, tso_altar, serial_bayou_crossing
D:5:      lemuel_upstairs_altar, layout_loops_ring, kennysheep_mini_moat,
          uniq_prince_ribbit1, uniq_menkaure, uniq_ijyb
D:6:      layout_basic, nicolae_qazlal_eye_of_the_storm,
          minmay_temple_entry_crystal_x, chequers_serial_rivers_small_b
D:7:      layout_rooms, kennysheep_little_box, uniq_duvessa
D:8:      layout_gridville, marbit_many_paths, minmay_starry_boxes, uniq_psyche
D:9:      layout_basic, chequers_temple_overflow_statue_of_worship,
          due_lair_maze_entry_diamond
Temple:   nicolae_temple_great_sept

Skill      XL: |  1  2  3  4  5  6  7  8  9 10 |
---------------+-------------------------------+-----
Transmutations | 2 3 4 5 6 8 9 |  9.5
Fighting       | 2 3 4 5 7 |  7.9
Unarmed Combat | 4 5 6 8 9 |  9.3
Spellcasting   | 3 |  3.0
Dodging        | |  2.2
Ice Magic      | |  0.3

Action                   |  1- 3 |  4- 6 |  7- 9 | 10-12 || total
-------------------------+-------+-------+-------+-------++-------
Melee: Unarmed           |    69 |   192 |   326 |   107 ||   694
       Kick              |    17 |    36 |    15 |     1 ||    69
       Headbutt          |     8 |    14 |     3 |       ||    25
       Peck              |     9 |    14 |    10 |       ||    33
       Punch             |     1 |     1 |     1 |       ||     3
 Cast: Beastly Appendage |    17 |    32 |     4 |       ||    53
       Spider Form       |     1 |     8 |    44 |    22 ||    75
       Ice Form          |       |       |       |     1 ||     1
Invok: Recall Ancestor   |       |       |     2 |     1 ||     3
       Ancestor Life: He |       |       |       |     1 ||     1
 Abil: Fly               |       |     1 |       |       ||     1
Evoke: Wand              |       |       |     7 |     8 ||    15
  Use: Scroll            |     3 |     7 |     3 |     3 ||    16
       Potion            |       |     1 |     2 |       ||     3
 Stab: Sleeping          |     2 |       |     1 |       ||     3
       Distracted        |       |       |       |     1 ||     1
Armor: Robe              |    12 |    30 |    10 |       ||    52
       Skin              |       |     2 |     7 |     2 ||    11
Dodge: Dodged            |    38 |   152 |   334 |   102 ||   626

Table legend: (Time is in decaauts)
 A = Elapsed time spent in this place.
 B = Non-inter-level travel time spent in this place.
 C = Inter-level travel time spent in this place.
 D = Time resting spent in this place.
 E = Time spent auto-exploring this place.
 F = Levels seen in this place.
 G = Mean time per level.
                   A        B        C        D        E       F      G
               +--------+--------+--------+--------+--------+-----+--------+
         Total |  15335 |  14627 |    708 |   2588 |  10250 |  10 | 1533.5 |
       Dungeon |  15242 |  14565 |    677 |   2588 |  10190 |   9 | 1693.6 |
        Temple |     92 |     62 |     30 |      0 |     60 |   1 |   92.0 |
               +--------+--------+--------+--------+--------+-----+--------+

Top non-repeatable levels by time:
     D:5: 3024 daAuts
     D:8: 2280 daAuts
     D:1: 2035 daAuts
     D:6: 1651 daAuts
     D:2: 1636 daAuts
     D:4: 1424 daAuts
     D:7: 1419 daAuts
     D:9: 991 daAuts
     D:3: 780 daAuts
  Temple: 92 daAuts
